 Dungeon Crawl Stone Soup version 0.21-a0-273-g0785366 (webtiles) character file.

10216 Lavandula the Cleaver (level 11, -1/89 HPs)
             Began as a Ghoul Warper on Sept 17, 2017.
             Was a Follower of Uskayaw.
             Slain by an orc warrior
             ... wielding a +2 long sword of holy wrath
              (18 damage)
             ... on level 12 of the Dungeon.
             The game lasted 00:41:49 (5756 turns).

Lavandula the Cleaver (Ghoul Warper)                Turns: 5756, Time: 00:42:03

Health: -1/89      AC: 17    Str: 19    XL:     11   Next: 58%
Magic:  9/17       EV: 13    Int:  9    God:    Uskayaw [*.....]
Gold:   341        SH:  0    Dex:  9    Spells: 1/19 levels left

rFire    . . .     SeeInvis .   E - +9 hand axe (vamp)
rCold    + + .     Gourm    .   (no shield)
rNeg     + + +     Faith    .   D - +3 ring mail
rPois    ∞         Spirit   .   m - +0 helmet
rElec    .         Reflect  .   U - +2 cloak
rCorr    .         Harm     .   z - +2 pair of gloves
MR       .....                  H - +0 pair of boots
Stlth    ..........             (no amulet)
HPRegen  0.00/turn              i - +2 ring of strength
MPRegen  0.15/turn              S - ring of protection from cold

@: shrouded, rotting
A: rotting body, claws 1, carnivore 3, cold resistance 1, negative energy
resistance 3, inhibited regeneration, torment resistance, unbreathing
a: Stomp, Renounce Religion


You were on level 12 of the Dungeon.
You worshipped Uskayaw.
Uskayaw was noncommittal.
You were not hungry.

You visited 1 branch of the dungeon, and saw 12 of its levels.

You collected 503 gold pieces.
You spent 162 gold pieces at shops.

Inventory:

Hand Weapons
 E - a +9 vampiric hand axe (weapon)
Missiles
 d - 5 tomahawks of dispersal
 g - a throwing net
 C - 4 javelins (quivered)
Armour
 m - a +0 helmet (worn)
 u - a +1 ring mail of cold resistance
 x - a +1 leather armour of cold resistance
 z - a +2 pair of gloves (worn)
 A - a +2 chain mail of poison resistance
 D - a +3 ring mail (worn)
 H - a +0 pair of boots (worn)
 U - a +2 cloak (worn)
Magical Staves
 Q - an uncursed staff of fire
Jewellery
 i - a +2 ring of strength (left hand)
 S - a ring of protection from cold (right hand)
Wands
 a - a wand of confusion (7/48)
 o - a wand of lightning (1/15)
 v - a wand of random effects (20/48)
 K - a wand of digging (15/24)
 P - a wand of paralysis (15/24)
Scrolls
 c - a scroll of blinking
 j - 4 scrolls of remove curse
 k - 6 scrolls of magic mapping
 l - a scroll of fog {unknown}
 n - a scroll of recharging {unknown}
 p - a scroll of noise {unknown}
 y - a scroll of fear
 I - a scroll of immolation {unknown}
 L - a scroll of enchant weapon
 T - a scroll of enchant armour {unknown}
Potions
 e - a potion of lignification {unknown}
 r - a potion of might {unknown}
 s - a potion of cancellation {unknown}
 t - 2 potions of resistance {unknown}
 w - a potion of flight
 F - 2 potions of magic
 G - a potion of brilliance {unknown}
 J - a potion of agility {unknown}
 N - a potion of curing
Books
 b - a book of Spatial Translocations

   Spells                             Type                      Level
   a - Blink                          Translocation                2
   b - Shroud of Golubria             Charms/Translocation         2
   c - Lesser Beckoning               Translocation                3
   d - Gell's Gravitas                Translocation                3
   e - Teleport Other                 Translocation                3
   f - Passage of Golubria            Translocation                4
 B - a book of Minor Magic

   Spells                             Type                      Level
   a - Magic Dart                     Conjuration                  1
   b - Blink                          Translocation                2
   c - Call Imp                       Summoning                    2
   d - Slow                           Hexes                        2
   e - Conjure Flame                  Conjuration/Fire             3
   f - Mephitic Cloud                 Conjuration/Poison/Air       3
 O - a book of Battle

   Spells                             Type                      Level
   a - Infusion                       Charms                       1
   b - Shroud of Golubria             Charms/Translocation         2
   c - Song of Slaying                Charms                       2
   d - Spectral Weapon                Hexes/Charms                 3
   e - Regeneration                   Charms/Necromancy            3
 R - a book of Misfortune

   Spells                             Type                      Level
   a - Confusing Touch                Hexes                        1
   b - Confuse                        Hexes                        3
   c - Gell's Gravitas                Translocation                3
   d - Petrify                        Transmutation/Earth          4
   e - Metabolic Englaciation         Hexes/Ice                    5
   f - Yara's Violent Unravelling     Hexes/Transmutation          5
Miscellaneous
 M - a lamp of fire (inert)
Comestibles
 f - 4 meat rations
 h - 2 royal jellies
 q - 4 chunks of flesh


   Skills:
 - Level 5.8 Fighting
 + Level 9.6 Axes
 - Level 0.8 Throwing
 - Level 4.4 Armour
 - Level 5.2 Dodging
 - Level 7.0 Unarmed Combat
 - Level 4.9 Spellcasting
 - Level 5.0 Charms
 - Level 5.3 Translocations
 - Level 2.9 Invocations


You had one spell level left.
You knew the following spells:

 Your Spells              Type           Power        Failure   Level  Hunger
a - Blink                 Tloc           N/A          7%          2    ##.....
b - Shroud of Golubria    Chrm/Tloc      ##........   8%          2    ##.....
c - Passage of Golubria   Tloc           N/A          41%         4    #####..
d - Mephitic Cloud        Conj/Pois/Air  #.......     77%         3    ###....
e - Spectral Weapon       Hex/Chrm       #.......     41%         3    ###....
f - Regeneration          Chrm/Necr      #.........   41%         3    ###....
g - Infusion              Chrm           ##..         5%          1    #......


Dungeon Overview and Level Annotations

Branches:
Dungeon (12/15)              Lair (0/6) D:9
 Temple: D:4-7          Orc: D:9-12

Altars:
Ashenzari
Dithmenos
Gozag
Kikubaaqudgha
Nemelex Xobeh
Sif Muna
Trog
Uskayaw
Vehumet
Wu Jian
Yredelemnul

Shops:
D:7 (=   D:10 (

Annotations:
D:6 Prince Ribbit
D:9 WhatIsLove's ghost, novice DrTm
D:12 Rupert


Innate Abilities, Weirdness & Mutations

Your body is rotting away.
You thrive on raw meat.
You are immune to poison.
You have sharp fingernails.
You are carnivorous and can eat meat at any time.
Your flesh is cold resistant. (rC+)
You are immune to negative energy. (rN+++)
You do not regenerate when monsters are visible.
You are immune to unholy pain and torment.
You can survive without breathing.


Message History

You blink.
Casting: Blink
Confirm with . or Enter, or press ? or * to list all spells.
Space distorts slightly along a thin shroud covering your body.
Evoke which item? (* to show all) (? for menu, Esc to quit)
Aiming: Confuse
Press: ? - help, Shift-Dir - straight line, f - orc warrior
Aim: an orc warrior, wielding a long sword of holy wrath and wearing a plate armour (heavily wounded, chance to defeat MR: 46%)
The orc warrior appears confused.
This wand has 7 charges left.
You hit the orc warrior but do no damage.
The orc warrior is heavily wounded.
The orc warrior hits you with a long sword of holy wrath!
You convulse.
You catch the helpless orc warrior completely off-guard!
You hit the orc warrior.
You feel better.
The orc warrior is severely wounded.
The orc warrior hits you with a long sword of holy wrath!
* * * LOW HITPOINT WARNING * * *
You convulse!!
You die...

#.# #.# #.# #.# #<#
########.#
.........##########
........o..........
.......@.).........
###################


You could see an orc warrior (confused).

Vanquished Creatures
  3 two-headed ogres
  An unseen horror (D:11)
  2 ugly things
  A cyclops (D:11)
  A hornet (D:12)
  2 trolls
  4 hippogriffs
  3 yaks
  Eustachio (D:5)
  Duvessa (D:4)
  2 hell hounds (D:9)
  A water moccasin (D:9)
  2 ice beasts (D:6)
  5 orc warriors
  2 sky beasts
  2 phantoms
  2 ogres (D:12)
  3 centaurs
  A big kobold (D:9)
  A bullfrog (D:6)
  Dowan (D:4)
  3 scorpions
  6 killer bees (D:8)
  2 wights (D:11)
  A howler monkey (D:7)
  A crimson imp (D:9)
  2 bullfrog zombies (D:12)
  5 jellies
  2 bullfrog skeletons
  9 hounds
  9 orc priests
  A gnoll shaman (D:5)
  3 centaur skeletons
  Ijyb (D:4)
  Natasha (D:2)
  2 iguanas
  13 orc wizards
  8 worker ants
  A hound zombie (D:5)
  A worker ant zombie (D:5)
  9 gnolls
  7 adders
  A shadow imp (D:9)
  6 adder skeletons
  2 worms
  46 orcs
  A bat (D:3)
  4 giant cockroaches
  4 hobgoblins
  7 jackals
  5 quokkas
  A ball python (D:4)
  2 frilled lizards (D:1)
  11 kobolds
  6 rats
224 creatures vanquished.

Notes
Turn   | Place    | Note
-------+----------+-------------------------------------------
     0 | D:1      | Lavandula the Ghoul Warper began the quest for the Orb.
     0 | D:1      | Reached XP level 1. HP: 17/17 MP: 2/2
   152 | D:1      | Reached XP level 2. HP: 22/24 MP: 3/3
   196 | D:2      | Found a shattered altar of Ashenzari.
   245 | D:3      | Noticed Natasha
   252 | D:2      | Killed Natasha
   252 | D:2      | Reached XP level 3. HP: 17/29 MP: 4/4
   294 | D:3      | Found a deep blue altar of Sif Muna.
   306 | D:3      | Learned a level 2 spell: Blink
   309 | D:3      | Learned a level 2 spell: Shroud of Golubria
   378 | D:3      | Reached skill level 5 in Unarmed Combat
   378 | D:3      | Reached XP level 4. HP: 23/36 MP: 3/5
   522 | D:3      | Found a hide-covered altar of Uskayaw.
   527 | D:3      | Became a worshipper of Uskayaw the Reveler
   556 | D:4      | Noticed Ijyb
   558 | D:3      | Reached * piety under Uskayaw
   560 | D:3      | Reached XP level 5. HP: 36/41 MP: 6/6
   625 | D:3      | Reached ** piety under Uskayaw
   688 | D:3      | Found a sparkling altar of Nemelex Xobeh.
   712 | D:4      | Reached *** piety under Uskayaw
   721 | D:4      | Reached **** piety under Uskayaw
   722 | D:4      | Killed Ijyb
   841 | D:4      | Noticed a centaur
   850 | D:4      | Killed a centaur
   850 | D:4      | Reached XP level 6. HP: 28/48 MP: 7/7
  1015 | D:4      | Learned a level 4 spell: Passage of Golubria
  1060 | D:4      | Reached XP level 7. HP: 34/59 MP: 6/8
  1146 | D:4      | Noticed Dowan
  1148 | D:4      | Noticed Duvessa
  1176 | D:4      | Killed Duvessa
  1176 | D:4      | Reached skill level 5 in Fighting
  1187 | D:4      | Killed Dowan
  1295 | D:5      | Entered Level 5 of the Dungeon
  1309 | D:5      | Found a radiant altar of Vehumet.
  1309 | D:5      | Found an opulent altar of Gozag.
  1309 | D:5      | Found a basalt altar of Yredelemnul.
  1309 | D:5      | Found a shadowy altar of Dithmenos.
  1317 | D:5      | Found an ancient bone altar of Kikubaaqudgha.
  1317 | D:5      | Found a bloodstained altar of Trog.
  1348 | D:5      | Noticed Eustachio
  1406 | D:5      | Killed Eustachio
  1406 | D:5      | Reached XP level 8. HP: 39/68 MP: 3/9
  1502 | D:5      | Found an ornate altar of the Wu Jian Council.
  1826 | D:6      | Noticed Prince Ribbit
  1859 | D:6      | Reached skill level 5 in Dodging
  2283 | D:7      | Reached skill level 5 in Translocations
  2353 | D:7      | Reached XP level 9. HP: 34/75 MP: 8/12
  2484 | D:7      | Learned a level 3 spell: Mephitic Cloud
  2500 | D:7      | Found Pastudy's Antique Weapon Shoppe.
  2549 | D:7      | Reached skill level 1 in Invocations
  2686 | D:7      | Found Upluh's Jewellery Boutique.
  3027 | D:8      | Reached skill level 1 in Armour
  3353 | D:7      | Bought a glowing hand axe for 162 gold pieces
  3503 | D:9      | Reached skill level 1 in Axes
  3514 | D:9      | Noticed WhatIsLove's ghost (novice DrTm)
  3727 | D:9      | Reached skill level 2 in Axes
  3795 | D:9      | Reached skill level 3 in Axes
  3904 | D:9      | Reached skill level 4 in Axes
  3904 | D:9      | Reached XP level 10. HP: 83/83 MP: 14/14
  3992 | D:9      | Reached ***** piety under Uskayaw
  3993 | D:9      | Reached skill level 5 in Axes
  4086 | D:9      | Found a staircase to the Lair.
  4137 | D:10     | Entered Level 10 of the Dungeon
  4138 | D:10     | Found Onus Sau's Weapon Shop.
  4253 | D:10     | Noticed a two-headed ogre
  4268 | D:10     | Killed a two-headed ogre
  4268 | D:10     | Reached skill level 6 in Axes
  4292 | D:10     | Learned a level 3 spell: Spectral Weapon
  4437 | D:11     | Reached skill level 7 in Axes
  4843 | D:11     | Reached skill level 8 in Axes
  4875 | D:11     | Noticed a cyclops
  4876 | D:11     | Noticed a cyclops
  4898 | D:11     | Killed a cyclops
  4907 | D:11     | Noticed a two-headed ogre
  5143 | D:11     | Noticed a green ugly thing
  5170 | D:11     | Killed a green ugly thing
  5174 | D:11     | Reached XP level 11. HP: 79/88 MP: 15/17
  5179 | D:11     | Learned a level 3 spell: Regeneration
  5193 | D:11     | Learned a level 1 spell: Infusion
  5209 | D:11     | Reached skill level 1 in Charms
  5224 | D:11     | Noticed a two-headed ogre
  5241 | D:11     | Killed a two-headed ogre
  5296 | D:11     | Killed a two-headed ogre
  5296 | D:11     | Reached skill level 5 in Charms
  5333 | D:11     | Killed an unseen horror
  5423 | D:12     | Noticed a purple ugly thing
  5439 | D:12     | Killed a purple ugly thing
  5439 | D:12     | Reached skill level 9 in Axes
  5669 | D:12     | Noticed Rupert
  5756 | D:12     | Slain by an orc warrior

Vault maps used:
D:1:      sevenhm_arrival_forest_fort_large_2
D:2:      grunt_temple_overflow_open, ashenzari_altar_1
D:3:      nicolae_overflow_crystal_walls, lemuel_crystal_altar,
          lemuel_doored_altar, first_bread, grunt_ministairs_10, uniq_natasha
D:4:      uniq_ijyb, uniq_duvessa
D:5:      minmay_overflow_temple_hex, minitemple, lemuel_coloured_pillars_altar,
          uniq_eustachio
D:6:      minmay_temple_entry_poolview, trog_hazing_becter, uniq_prince_ribbit1
D:7:      serial_shops, nicolae_shop_behind_doors, shop
D:9:      minmay_lair_entry_lava
D:10:     serial_shops, nicolae_shop_trees, minmay_librarian
D:12:     kennysheep_green_arena, uniq_azrael, uniq_rupert, uniq_fannar

Skill      XL: |  1  2  3  4  5  6  7  8  9 10 11 |
---------------+----------------------------------+-----
Unarmed Combat | 4 5 7 |  7.0
Fighting       | 4 5 |  5.8
Dodging        | 3 5 |  5.2
Translocations | 5 |  5.3
Spellcasting   | 2 3 4 |  4.9
Invocations    | 2 |  2.9
Armour         | 4 |  4.4
Axes           | 4 8 9 |  9.6
Charms         | 5 |  5.0
Throwing       | |  0.8

Action                   |  1- 3 |  4- 6 |  7- 9 | 10-12 || total
-------------------------+-------+-------+-------+-------++-------
Melee: Unarmed           |    53 |   135 |   434 |       ||   622
       Punch             |       |     4 |    12 |    12 ||    28
       Hand axe          |       |       |    81 |   272 ||   353
Throw: Javelin           |       |       |       |     5 ||     5
 Cast: Shroud of Golubri |     1 |     3 |    20 |    15 ||    39
       Blink             |       |       |     3 |     7 ||    10
       Infusion          |       |       |       |     1 ||     1
       Spectral Weapon   |       |       |       |     1 ||     1
Invok: Line Pass         |       |     2 |     4 |     1 ||     7
Evoke: Wand              |       |       |     4 |     3 ||     7
       Lamp of fire      |       |       |       |     1 ||     1
  Use: Scroll            |       |       |    11 |     1 ||    12
 Stab: Paralysed         |       |     2 |    10 |    13 ||    25
       Confused          |       |       |     1 |     2 ||     3
       Distracted        |       |       |       |     1 ||     1
  Eat: Chunk             |    12 |    18 |    60 |    26 ||   116
Armor: Leather armour    |     6 |    21 |    40 |       ||    67
       Ring mail         |       |       |   136 |   110 ||   246
Dodge: Dodged            |    19 |    56 |   320 |   166 ||   561

Table legend:
 A = Spawn XP
 B = Non-spawn XP
 C = Spawn XP percentage of total XP
 D = Spawn monster count
 E = Non-spawn monster count
 F = Spawn count percentage of total count
 G = Total turns spent on level
                    A         B        C        D         E        F      G
               +---------+---------+-------+---------+---------+-------+---------
         Total |       0 |   14595 |   0.0 |       0 |     224 |   0.0 |  5756
               +---------+---------+-------+---------+---------+-------+---------
           D:1 |       0 |      11 |   0.0 |       0 |       8 |   0.0 |   176
           D:2 |       0 |      37 |   0.0 |       0 |       2 |   0.0 |    80
           D:3 |       0 |     156 |   0.0 |       0 |      21 |   0.0 |   454
           D:4 |       0 |     704 |   0.0 |       0 |      28 |   0.0 |   585
           D:5 |       0 |     361 |   0.0 |       0 |      12 |   0.0 |   410
           D:6 |       0 |     747 |   0.0 |       0 |      21 |   0.0 |   510
           D:7 |       0 |     992 |   0.0 |       0 |      24 |   0.0 |   626
           D:8 |       0 |    1006 |   0.0 |       0 |      22 |   0.0 |   772
           D:9 |       0 |    1238 |   0.0 |       0 |      36 |   0.0 |   524
          D:10 |       0 |    2097 |   0.0 |       0 |      10 |   0.0 |   863
          D:11 |       0 |    5821 |   0.0 |       0 |      24 |   0.0 |   462
          D:12 |       0 |    1425 |   0.0 |       0 |      16 |   0.0 |   294
               +---------+---------+-------+---------+---------+-------+---------
